 Dungeon Crawl Stone Soup version 0.22-a0-515-g75794bf (webtiles) character file.

97 pk666 the Magician (level 4, 0/24 HPs)
             Began as a Deep Elf Fire Elementalist on June 20, 2018.
             Killed from afar by an orc wizard (7 damage)
             ... with a magic dart
             ... on level 2 of the Dungeon.
             The game lasted 00:04:26 (2522 turns).

pk666 the Magician (Deep Elf Fire Elementalist)     Turns: 2522, Time: 00:04:26

Health: 0/24       AC:  3    Str:  5    XL:     4   Next: 42%
Magic:  1/12       EV: 13    Int: 21    God:
Gold:   82         SH:  0    Dex: 15    Spells: 10/11 levels left

rFire    . . .     SeeInvis .   (no weapon)
rCold    . . .     Gourm    .   (no shield)
rNeg     . . .     Faith    .   a - +0 robe
rPois    .         Spirit   .   (no helmet)
rElec    .         Reflect  .   m - +0 cloak
rCorr    .         Harm     .   (no gloves)
MR       +....                  (no boots)
Stlth    ++........             (no amulet)
HPRegen  0.08/turn              g - ring of protection from magic
MPRegen  0.13/turn              (no ring)

@: no status effects
A: no striking features
a: no special abilities


You were on level 2 of the Dungeon.
You were hungry.

You visited 1 branch of the dungeon, and saw 3 of its levels.

You collected 82 gold pieces.

Inventory:

Armour
 a - a +0 robe (worn)
 m - a +0 cloak (worn)
Jewellery
 g - a ring of protection from magic (left hand)
Scrolls
 b - a scroll of fear {unknown}
 d - a scroll of blinking {unknown}
 f - 3 scrolls of identify {unknown}
 i - a scroll of teleportation {unknown}
 j - a scroll of enchant armour {unknown}
 k - a scroll of enchant weapon {unknown}
 o - a scroll of amnesia {unknown}
Potions
 e - a potion of might {unknown}
 h - a potion of berserk rage {unknown}
 l - a potion of curing
 n - a potion of heal wounds {unknown}
Comestibles
 c - a ration


   Skills:
 - Level 2.4 Dodging
 - Level 2.4 Stealth
 + Level 4.1 Spellcasting
 * Level 3.4 Conjurations
 + Level 4.0 Fire Magic


You had 10 spell levels left.
You knew the following spells:

 Your Spells              Type           Power        Failure   Level  Hunger
a - Flame Tongue          Conj/Fire      ###..        2%          1    None

Your spell library contained the following spells:

 Spells                   Type           Power        Failure   Level  Hunger
 Fireball                 Conj/Fire      ###.......   56%         5    ######.
 Conjure Flame            Conj/Fire      ###.....     8%          3    ###....
 Throw Flame              Conj/Fire      ###...       3%          2    #......
 Sticky Flame             Conj/Fire      ###.....     26%         4    ####...
 Inner Flame              Hex/Fire       ##......     16%         3    ###....


Dungeon Overview and Level Annotations

Branches:
Dungeon (3/15)

Altars:


Message History

Press: ? - help, Shift-Dir - straight line Something hits you but does no damage.
Casting: Flame Tongue (safe; 2% risk of failure)
Confirm with . or Enter, or press ? or * to list all spells.
Aiming: Flame Tongue (safe; 2% risk of failure)
Press: ? - help, Shift-Dir - straight line Something hits you.
A rat comes into view.
There is a stone staircase leading up here.
Something hits you but does no damage.
You climb upwards.
There is a stone staircase leading down here.
You miss something. Something hits you but does no damage.
You miss something. Something hits you.
* * * LOW HITPOINT WARNING * * *
You miss something.
You hear some strange, mumbled words.
A magic dart appears from out of thin air!
The magic dart hits you!
You die...

.........####..#+##+####.........
.......###.............######....
###.######.................##...#
#..........................##...#
###........................##...#
# #..(...........##.#########...#
# #............#.##.........'...'
# ##....#'######.##......####...#
# #....#.# #@........# #...#
####....#.# #####.....# #...#
........#.#######........# #...#
........#.#....##.##....## #...#
........#.#....##..#....# #....
........#..........'....# #....
........'.......#..#....# ##'#.
........###.....#..#....# #.#.
....##### #.....#..#....# ####


There were no monsters in sight!

Vanquished Creatures
  Crazy Yiuf (D:2)
  2 adders (D:2)
  A leopard gecko (D:1)
  2 orcs (D:3)
  7 goblins
  6 hobgoblins
  8 jackals (D:1)
  A quokka (D:2)
  A ball python (D:1)
  3 bats
  2 frilled lizards
  3 kobolds
  8 rats
45 creatures vanquished.

Notes
Turn   | Place    | Note
-------+----------+-------------------------------------------
     0 | D:1      | pk666 the Deep Elf Fire Elementalist began the quest for the Orb.
     0 | D:1      | Reached XP level 1. HP: 10/10 MP: 6/6
   170 | D:1      | Reached XP level 2. HP: 15/15 MP: 4/8
   791 | D:1      | Reached XP level 3. HP: 19/19 MP: 8/10
  1832 | D:2      | Found a runed door.
  2206 | D:2      | Noticed Crazy Yiuf
  2347 | D:2      | Killed Crazy Yiuf
  2347 | D:2      | Reached XP level 4. HP: 22/24 MP: 8/12
  2522 | D:2      | Killed from afar by an orc wizard

Vault maps used:
D:1:      kilobyte_arrival_exit_the_forest, serial_bayou_pond_a
D:2:      minmay_misc_feat_more_columns, minmay_goblin_kobold_house,
          uniq_crazy_yiuf_cottage
D:3:      nicolae_overflow_crystal_walls, first_ration

Skill      XL: |  1  2  3 |
---------------+----------+-----
Conjurations   | 2 3 |  3.4
Spellcasting   | 4 |  4.1
Fire Magic     | 4 |  4.0
Dodging        | |  2.4
Stealth        | |  2.4

Action                   |  1- 3 |  4- 6 || total
-------------------------+-------+-------++-------
Melee: Unarmed           |       |     3 ||     3
 Cast: Flame Tongue      |    84 |    15 ||    99
  Eat: Chunk             |     3 |     1 ||     4
Armor: Robe              |     8 |     3 ||    11
Dodge: Dodged            |    28 |     2 ||    30

Table legend:
 A = Spawn XP
 B = Non-spawn XP
 C = Spawn XP percentage of total XP
 D = Spawn monster count
 E = Non-spawn monster count
 F = Spawn count percentage of total count
 G = Total turns spent on level
                    A         B        C        D         E        F      G
               +---------+---------+-------+---------+---------+-------+---------
         Total |       0 |     139 |   0.0 |       0 |      45 |   0.0 |  2522
               +---------+---------+-------+---------+---------+-------+---------
           D:1 |       0 |      44 |   0.0 |       0 |      28 |   0.0 |  1223
           D:2 |       0 |      88 |   0.0 |       0 |      14 |   0.0 |  1255
           D:3 |       0 |       7 |   0.0 |       0 |       3 |   0.0 |    44
               +---------+---------+-------+---------+---------+-------+---------
